 Dungeon Crawl Stone Soup version 0.17.0-28-g6e173f8 (webtiles) character file.

648 gorblad the Skirmisher (level 7, -11/56 HPs)
             Began as a Mummy Fighter on Dec 4, 2015.
             Killed by divine providence
             ... invoked by an orc priest
              (12 damage)
             ... on level 5 of the Dungeon.
             The game lasted 00:11:05 (3928 turns).

gorblad the Skirmisher (Mummy Fighter)              Turns: 3928, Time: 00:11:06

Health: -11/56     AC:  6    Str: 22    XL:     7   Next: 27%
Magic:  7/7        EV:  9    Int:  7    God:
Gold:   197        SH:  9    Dex: 11    Spells: 0 memorised, 6 levels left

rFire  x . .     SeeInvis +     a - +1 flail
rCold  + . .     Clarity  .     b - +0 scale mail
rNeg   + + +     SustAt   .     c - +0 shield
rPois  ∞         Gourm    .     (no helmet)
rElec  .         Spirit   .     (no cloak)
rCorr  .         Warding  .     (no gloves)
rMut   .         Stasis   .     (no boots)
MR     .....                    i - amulet of faith
Stlth  ..........               (no ring)
                                d - ring of see invisible

@: not resistant to hostile enchantments, extremely unstealthy
A: no food or potions, fire vulnerability, cold resistance 1, negative energy
resistance 3, torment resistance, unbreathing
a: no special abilities


You were on level 5 of the Dungeon.
You were not hungry.

You visited 1 branch of the dungeon, and saw 5 of its levels.

You collected 197 gold pieces.

Inventory:

Hand Weapons
 a - a +1 flail (weapon)
Armour
 b - a +0 scale mail (worn)
 c - a +0 shield (worn)
Jewellery
 d - a ring of see invisible (left hand)
 i - an amulet of faith (around neck)
Wands
 h - a wand of slowing (31)
Scrolls
 e - 2 scrolls of remove curse
 f - a scroll of enchant weapon
 g - a scroll of identify


   Skills:
 - Level 5.0 Fighting
 - Level 1.5 Maces & Flails
 + Level 3.6 Armour
 - Level 4.0 Dodging
 + Level 3.6 Shields


You had 6 spell levels left.
You didn't know any spells.

Dungeon Overview and Level Annotations

Branches:
Dungeon (5/15)
 Temple: D:4-7

Altars:
Elyvilon
Makhleb
Nemelex Xobeh
Okawaru


Innate Abilities, Weirdness & Mutations

You do not eat or drink.
Your flesh is vulnerable to fire.
You are immune to poison.
Your flesh is cold resistant.
You are immune to negative energy.
You are immune to unholy pain and torment.
You can survive without breathing.


Message History

You barely miss the scorpion. The scorpion stings you.
* * * LOW HITPOINT WARNING * * *
You block the scorpion's attack.
Your shield and scale mail prevent you from hitting the scorpion.
You block the scorpion's attack.
You barely miss the scorpion. You block the scorpion's attack.
You block the scorpion's attack.
You are too injured to fight recklessly!
You hit the scorpion.
The scorpion is moderately wounded.
The scorpion stings you.
* * * LOW HITPOINT WARNING * * *
The orc priest miscasts a cantrip.
You hit the scorpion.
The scorpion is heavily wounded.
The scorpion stings you.
* * * LOW HITPOINT WARNING * * *
The orc priest invokes the aid of Beogh against you.
Something smites you!
You die...

#.......##...................##
##############.######........#
#.# #........# # #####.##
#........# #)#).#...#
##........# #)......#
#.........# ##P.....#
#.........# ##.#..##
#.######### ####@# #+#
##so.....


oo..... ....... ....... $...?.. ....... ......) You could see a scorpion, an orc
priest and 2 orcs.

Vanquished Creatures
  Sigmund (D:3)
  An ogre (D:4)
  2 crimson imps (D:5)
  A hound (D:2)
  An orc priest (D:5)
  An iguana (D:4)
  Natasha (thrice) (D:2 D:3)
  A giant frog skeleton (D:4)
  2 worker ants (D:4)
  8 adders
  2 worms (D:2)
  2 orcs
  10 bats
  4 giant cockroaches
  5 goblins
  8 hobgoblins
  7 kobolds
  3 quokkas
  2 giant geckos
  4 giant newts
  A quokka zombie (D:5)
  8 rats
77 creatures vanquished.

Notes
Turn   | Place    | Note
--------------------------------------------------------------
     0 | D:1      | gorblad the Mummy Fighter began the quest for the Orb.
     0 | D:1      | Reached XP level 1. HP: 18/18 MP: 1/1
    64 | D:1      | Reached XP level 2. HP: 18/24 MP: 2/2
   289 | D:1      | Reached skill level 4 in Fighting
   520 | D:2      | Noticed Natasha
   524 | D:2      | Reached XP level 3. HP: 19/30 MP: 3/3
   528 | D:2      | Killed Natasha
   733 | D:2      | Found a white marble altar of Elyvilon.
   748 | D:2      | Found a faded altar to an unknown god.
   752 | D:2      | Reached XP level 4. HP: 36/38 MP: 4/4
   805 | D:2      | Reached skill level 5 in Fighting
  1399 | D:2      | Reached skill level 1 in Dodging
  1622 | D:2      | Found a burning altar of Makhleb.
  1819 | D:3      | Reached XP level 5. HP: 31/44 MP: 5/5
  1847 | D:3      | Noticed Natasha
  1847 | D:3      | Noticed Sigmund
  1858 | D:3      | Killed Sigmund
  1858 | D:3      | Reached XP level 6. HP: 6/51 MP: 6/6
  1862 | D:3      | HP: 2/51 [Natasha (4)]
  1875 | D:3      | HP: 2/51 [Natasha (2)]
  1877 | D:3      | Killed Natasha
  2187 | D:3      | Noticed Natasha
  2194 | D:3      | Killed Natasha
  3149 | D:4      | Found a sparkling altar of Nemelex Xobeh.
  3154 | D:4      | Found an iron altar of Okawaru.
  3411 | D:4      | Reached XP level 7. HP: 37/56 MP: 7/7
  3634 | D:5      | Entered Level 5 of the Dungeon
  3928 | D:5      | HP: 1/56 [scorpion (2)]
  3928 | D:5      | Killed from afar by an orc priest

Action                   |  1- 3 |  4- 6 |  7- 9 || total
-------------------------+-------+-------+-------++-------
Melee: Flail             |    88 |   229 |    68 ||   385
  Use: Scroll            |       |     8 |     2 ||    10
